 Dungeon Crawl Stone Soup version 0.29-a0-330-g52719c12eb (webtiles) character file.

Game seed: 8545438327124972071

14 kae the Firebug (level 2, -1/22 HPs)
             Began as a Demigod Fire Elementalist on May 11, 2022.
             Killed from afar by Natasha (4 damage)
             ... with a magic dart
             ... on level 2 of the Dungeon.
             The game lasted 00:00:39 (1006 turns).

kae the Firebug (Demigod Fire Elementalist)         Turns: 1006, Time: 00:00:40

Health: -1/22      AC:  3    Str:  9    XL:     2   Next: 15%
Magic:  1/7        EV: 11    Int: 17    God:
Gold:   1131       SH:  0    Dex: 14    Spells: 3/4 levels left

rFire   . . .      SeeInvis .   (no weapon)
rCold   . . .      Faith    .   (no shield)
rNeg    . . .      Spirit   .   d - +0 leather armour {rPois}
rPois   +          Reflect  .   (no helmet)
rElec   .          Harm     .   (no cloak)
rCorr   .          Rampage  .   (no gloves)
Will    .....                   (no boots)
Stlth   ++........              (no amulet)
HPRegen 0.07/turn               (no ring)
MPRegen 0.10/turn               (no ring)

@: mighty
A: high MP 1, forlorn, divine attributes
a: no special abilities


You were on level 2 of the Dungeon.
You visited 1 branch of the dungeon, and saw 2 of its levels.

You collected 1131 gold pieces.

Inventory:

Armour
 a - a +0 robe
 d - a +0 leather armour of poison resistance (worn)
Potions
 b - a potion of magic
 c - a potion of mutation


   Skills:
 + Level 0.5 Fighting
 + Level 2.0 Dodging
 - Level 1.7 Stealth
 + Level 1.9 Spellcasting
 + Level 1.2 Conjurations
 + Level 2.8 Fire Magic


You had 3 spell levels left.
You knew the following spells:

 Your Spells              Type           Power      Damage    Failure   Level
a - Foxfire               Conj/Fire      32%        2x1d5     12%         1

Your spell library contained the following spells:

 Spells                   Type           Power      Damage    Failure   Level
 Scorch                   Fire           22%        2d6       13%         2
 Conjure Flame            Conj/Fire      8%         6-21      34%         3
 Inner Flame              Hex/Fire       6%         N/A       41%         3
 Flame Wave               Conj/Fire      8%         2d5       75%         4


Dungeon Overview and Level Annotations

Branches:
Dungeon (2/15)

Annotations:
D:2 Natasha


Innate Abilities, Weirdness & Mutations

You have an increased reservoir of magic. (+10% MP)
You shall have no god before yourself.
Your divine heritage dramatically boosts your attributes as you level up.


Message History

The foxfire hits Natasha.
Natasha is almost dead.
Natasha claws you.
Casting: Foxfire (safe; 12% risk of failure)
Confirm with . or Enter, or press ? or * to list all spells.
You conjure some foxfire!
Natasha misses you. The crimson imp hits you.
The foxfire hits the crimson imp.
The crimson imp completely resists.
The foxfire hits the crimson imp but does no damage.
Natasha claws you. The crimson imp completely misses you.
Casting: Foxfire (safe; 12% risk of failure)
Confirm with . or Enter, or press ? or * to list all spells.
You conjure some foxfire!
Natasha barely misses you. The crimson imp closely misses you.
The foxfire hits the crimson imp.
The crimson imp completely resists.
The foxfire hits the crimson imp but does no damage.
Natasha claws you.
* * * LOW HITPOINT WARNING * * *
The crimson imp hits you but does no damage.
It was a potion of curing.
You feel better. Natasha claws you!
* * * LOW HITPOINT WARNING * * *
The crimson imp closely misses you.
It was a potion of might.
You feel very mighty all of a sudden. Natasha barely misses you.
The crimson imp spits at you. The crimson imp barely misses you.
You closely miss Natasha.
Natasha is almost dead.
Natasha claws you but does no damage.
The crimson imp shouts, "Slither home, thou jarring dread-bolted vassal!"
The crimson imp barely misses you.
You closely miss Natasha.
Natasha is almost dead.
Natasha barely misses you. The crimson imp barely misses you.
You barely miss Natasha.
Natasha is almost dead.
The crimson imp disappears in a puff of smoke!
Natasha stares at you and mumbles some strange words.
The magic dart hits you.
You die...

### ... #.# #.#
#.# #.# #h#####.#
#@ยง.....#
#.>.##### #...#
#...# #...#
#####...###### ..
.............#...
....[............
.............#.#


You could see Natasha.

Vanquished Creatures
  A ball python (D:1)
  A bat (D:1)
  4 goblins (D:1)
  3 hobgoblins (D:1)
  A frilled lizard (D:1)
  A rat (D:1)
11 creatures vanquished.

Vanquished Creatures (others)
  38 foxfires
38 creatures vanquished.

Grand Total: 49 creatures vanquished

Notes
Turn   | Place    | Note
-------+----------+-------------------------------------------
     0 | D:1      | kae the Demigod Fire Elementalist began the quest for the
                  | Orb.
     0 | D:1      | Reached XP level 1. HP: 14/14 MP: 5/5
   191 | D:1      | Reached skill level 1 in Conjurations
   328 | D:1      | Reached XP level 2. HP: 16/22 MP: 1/7
   924 | D:1      | Identified a scroll of acquirement
   924 | D:1      | Acquired 1113 gold pieces
   986 | D:2      | Noticed Natasha
  1006 | D:2      | Killed from afar by Natasha

Illustrated notes

Levels and vault maps discovered:
D:1:      dpeg_arrival_water_fire, layout_basic
D:2:      layout_loops_cross, ebering_ecumenical_altar_hall, uniq_natasha,
          uniq_jessica

Skill      XL: |  1  2 |
---------------+-------+-----
Conjurations   | 1 |  1.2
Dodging        | 2 |  2.0
Fighting       | |  0.5
Stealth        | |  1.7
Spellcasting   | |  1.9
Fire Magic     | |  2.8

Action                   || total
-------------------------++-------
Melee: Unarmed           ||     4
 Cast: Foxfire           ||    22
  Use: Scroll            ||     3
       Potion            ||     2
Armor: Robe              ||     3
       Leather armour    ||     4
Dodge: Dodged            ||    16

Table legend: (Time is in decaauts)
 A = Elapsed time spent in this place.
 B = Non-inter-level travel time spent in this place.
 C = Inter-level travel time spent in this place.
 D = Time resting spent in this place.
 E = Time spent auto-exploring this place.
 F = Levels seen in this place.
 G = Mean time per level.
                   A        B        C        D        E       F      G
               +--------+--------+--------+--------+--------+-----+--------+
         Total |   1005 |    984 |     21 |      0 |    886 |   2 |  502.5 |
       Dungeon |   1005 |    984 |     21 |      0 |    886 |   2 |  502.5 |
               +--------+--------+--------+--------+--------+-----+--------+

Top non-repeatable levels by time:
     D:1: 949 daAuts
     D:2: 56 daAuts
